 Dungeon Crawl Stone Soup version 0.18.1-8-gdd0e5ea (webtiles) character file.

181 Hipnos the Digger (level 5, -2/28 HPs)
             Began as a Gargoyle Earth Elementalist on May 31, 2016.
             Killed from afar by an orc wizard (7 damage)
             ... with a puff of flame
             ... on level 3 of the Dungeon.
             The game lasted 00:08:59 (2807 turns).

Hipnos the Digger (Gargoyle Earth Elementalist)     Turns: 2807, Time: 00:08:59

Health: -2/28      AC: 10    Str: 11    XL:     5   Next: 61%
Magic:  8/9        EV: 10    Int: 17    God:
Gold:   161        SH:  0    Dex: 10    Spells: 4 memorised, 0 levels left

rFire  . . .     SeeInvis .     t - +0 mace (crush)
rCold  . . .     Gourm    .     u - +0 ring mail
rNeg   + . .     Faith    .     (no shield)
rPois  ∞         Spirit   .     x - +0 helmet
rElec  +         Dismiss  .     (no cloak)
rCorr  .         Reflect  .     (no gloves)
SustAt .         Harm     .     (no boots)
MR     .....                    (no amulet)
Stlth  +.........               (no ring)
                                (no ring)

@: hasted, very quick, not resistant to hostile enchantments, very unstealthy
A: negative energy resistance 1, electricity resistance, unbreathing,
petrification resistance, rot immunity, AC +4
a: no special abilities


You were on level 3 of the Dungeon.
You were hungry.

You visited 1 branch of the dungeon, and saw 4 of its levels.

You collected 161 gold pieces.

Inventory:

Hand Weapons
 t - a +0 mace of crushing (weapon)
Missiles
 b - 32 stones (quivered)
Armour
 a - a +0 robe
 u - a +0 ring mail (worn)
 x - a +0 helmet (worn)
Scrolls
 e - a scroll of remove curse {unknown}
 f - a scroll of random uselessness {unknown}
 k - 2 scrolls of enchant weapon {unknown}
 l - a scroll of fear {unknown}
 m - 2 scrolls of identify {unknown}
 n - 2 scrolls of recharging {unknown}
 p - a scroll of enchant armour {unknown}
 v - a scroll of immolation {unknown}
 w - a scroll of fog {unknown}
Potions
 g - a potion of cancellation {unknown}
 h - 2 potions of haste
 i - 2 potions of curing {unknown}
 o - a potion of might {unknown}
 r - a potion of flight {unknown}
 s - 2 potions of agility {unknown}
 z - a potion of lignification {unknown}
Books
 c - a book of Geomancy

   Spells                             Type                      Level
   a - Sandblast                      Earth                        1
   b - Passwall                       Transmutation/Earth          2
   c - Stone Arrow                    Conjuration/Earth            3
   d - Petrify                        Transmutation/Earth          4
   e - Lee's Rapid Deconstruction     Earth                        5
Comestibles
 d - 3 bread rations
 j - a beef jerky
 q - 8 fruits
 A - 2 chunks of flesh


   Skills:
 + Level 0.2 Fighting
 + Level 1.9 Dodging
 - Level 2.1 Stealth
 + Level 3.3 Spellcasting
 + Level 0.7 Transmutations
 * Level 6.1 Earth Magic


You couldn't memorise any spells.
You knew the following spells:

 Your Spells              Type           Power        Failure   Level  Hunger
a - Sandblast             Erth           ###...       4%          1    None
b - Passwall              Trmt/Erth      ##........   17%         2    ##.....
c - Stone Arrow           Conj/Erth      ##....       38%         3    ###....
d - Petrify               Trmt/Erth      ##......     91%         4    ####...


Dungeon Overview and Level Annotations

Branches:
Dungeon (4/15)
 Temple: D:4-7

Altars:
Dithmenos
Fedhas
Nemelex Xobeh
Okawaru
Sif Muna


Innate Abilities, Weirdness & Mutations

You are resistant to torment.
Your stone body is resilient (AC +4).
You are immune to poison.
You resist negative energy.
You are resistant to electric shocks.
You can survive without breathing.
You are immune to petrification.
You are immune to rotting.


Message History

The magic dart hits you!
You hear some strange, mumbled words.
A puff of flame appears from out of thin air!
The puff of flame hits you! Something hits you but does no damage.
You miss something.
You feel less confused. Something hits you but does no damage.
You closely miss something.
You hear some strange, mumbled words.
A magic dart appears from out of thin air!
The magic dart hits you!
* * * LOW HITPOINT WARNING * * *
Something hits you but does no damage.
Drink which item? (? for menu, Esc to quit)
It was a potion of haste.
You feel yourself speed up.
You hear some strange, mumbled words.
A puff of flame appears from out of thin air!
The puff of flame hits you!
You die...

#.# #########.########.#...#.###
#.# #.# #.#...#.#.. #.#### #.#
#.#...#.#.. .....# ##'##
#.##.##.#.. ..##.# ##...##
#.##.##.#.. ...#.# ##..._.##
#.......#.. .#.#.## ##.......##
##.#.####..
.#....####.........####...)####..
.........'......@{.'.............
##....####.........####....######
##.#.## ##.......## ##.#.# #...##
##.....## ####.### #..## ##...##
#......# #.## ##'## #.##.#.# #.#
#.# #.##.#.# #.# #.# #.##.#.# #.#
##.## #.##.#.#


There were no monsters in sight!

Vanquished Creatures
  An orc priest (D:3)
  A worker ant (D:4)
  A hound skeleton (D:3)
  4 adders
  A dart slug (D:2)
  A giant gecko (D:2)
  8 orcs
  A ball python (D:3)
  4 giant cockroaches
  7 goblins
  5 hobgoblins
  9 jackals
  10 bats
  A giant gecko skeleton (D:3)
  A giant newt (D:2)
  6 kobolds
  A quokka skeleton (D:3)
  A quokka zombie (D:3)
  3 rats
66 creatures vanquished.

Notes
Turn   | Place    | Note
--------------------------------------------------------------
     0 | D:1      | Hipnos the Gargoyle Earth Elementalist began the quest for the Orb.
     0 | D:1      | Reached XP level 1. HP: 10/10 MP: 3/3
   275 | D:1      | Reached skill level 4 in Earth Magic
   275 | D:1      | Reached XP level 2. HP: 15/15 MP: 0/5
   980 | D:2      | Reached XP level 3. HP: 19/19 MP: 4/6
  1132 | D:2      | Found a sparkling altar of Nemelex Xobeh.
  1428 | D:2      | Reached skill level 5 in Earth Magic
  1437 | D:2      | Reached XP level 4. HP: 24/24 MP: 4/8
  1577 | D:2      | Found a blossoming altar of Fedhas.
  1804 | D:3      | Found a shadowy altar of Dithmenos.
  2001 | D:3      | Found an iron altar of Okawaru.
  2116 | D:3      | Reached XP level 5. HP: 28/28 MP: 3/9
  2229 | D:3      | Found a deep blue altar of Sif Muna.
  2626 | D:3      | Reached skill level 6 in Earth Magic
  2708 | D:4      | Learned a level 2 spell: Passwall
  2712 | D:4      | Learned a level 3 spell: Stone Arrow
  2717 | D:4      | Learned a level 4 spell: Petrify
  2807 | D:3      | Killed from afar by an orc wizard

Skill      XL: |  1  2  3  4  5 |
---------------+----------------+-----
Earth Magic    | 4 5 6 |  6.1
Spellcasting   | 3 |  3.3
Fighting       | |  0.2
Dodging        | |  1.9
Stealth        | |  2.1
Transmutations | |  0.7

Action                   |  1- 3 |  4- 6 || total
-------------------------+-------+-------++-------
Melee: Unarmed           |     2 |       ||     2
       Mace              |       |     7 ||     7
 Cast: Sandblast         |    54 |    50 ||   104
  Use: Potion            |       |     1 ||     1
  Eat: Chunk             |     2 |     4 ||     6
Armor: Robe              |    11 |     3 ||    14
       Ring mail         |       |    12 ||    12
Dodge: Dodged            |    33 |    11 ||    44
